 Dungeon Crawl Stone Soup version 0.28.0 (webtiles) character file.

Game seed: 11234496497961312466

7835 browni3141 the Blocker (level 11, 0/101 HPs)
             Began as a Minotaur Berserker on Feb 16, 2022.
             Was a High Priest of Trog.
             Slain by a seven-headed hydra (7 damage)
             ... on level 9 of the Dungeon.
             The game lasted 00:05:48 (9173 turns).

browni3141 the Blocker (Minotaur Berserker)         Turns: 9173, Time: 00:05:49

Health: 0/101      AC: 16    Str: 26    XL:     11   Next: 2%
Magic:  10/10      EV:  8    Int:  4    God:    Trog [*****.]
Gold:   152        SH: 11    Dex: 10    Spells: 10/10 levels left

rFire   . . .      SeeInvis +   B - +1 broad axe (vorpal)
rCold   . . .      Faith    .   t - +0 kite shield
rNeg    . . .      Spirit   .   d - +0 chain mail
rPois   .          Reflect  .   (helmet restricted)
rElec   .          Harm     .   z - +0 cloak
rCorr   .          Rampage  .   j - +0 pair of gloves
Will    ++...                   E - +0 pair of boots
Stlth   ..........              (no amulet)
HPRegen 1.26/turn               g - +4 ring of slaying
MPRegen 0.12/turn               r - ring of see invisible

@: strong-willed, on berserk cooldown, regenerating, slowed, very slow
A: horns 2, retaliatory headbutt
a: Renounce Religion, Berserk, Trog's Hand, Brothers in Arms


You were on level 9 of the Dungeon.
You worshipped Trog.
Trog was extremely pleased with you.
You visited 1 branch of the dungeon, and saw 9 of its levels.

You collected 436 gold pieces.
You spent 284 gold pieces at shops.

Inventory:

Hand Weapons
 a - a +0 hand axe
 B - a +1 vorpal broad axe (weapon)
 N - a +3 antimagic broad axe
Missiles
 J - 4 throwing nets (quivered)
Armour
 b - a +0 animal skin
 d - a +0 chain mail (worn)
 j - a +0 pair of gloves (worn)
 t - a +0 kite shield (worn)
 z - a +0 cloak (worn)
 E - a +0 pair of boots (worn)
Jewellery
 g - a +4 ring of slaying (left hand)
 r - a ring of see invisible (right hand)
Wands
 k - a wand of charming (25)
 G - a wand of acid (10)
 I - a wand of paralysis (12)
Scrolls
 c - a scroll of magic mapping
 l - a scroll of blinking
 m - 5 scrolls of teleportation
 n - 3 scrolls of fear
 o - a scroll of amnesia
 q - 2 scrolls of immolation {unknown}
 u - 4 scrolls of noise {unknown}
 w - a scroll of silence {unknown}
 x - a scroll of holy word {unknown}
 y - 2 scrolls of enchant armour {unknown}
 F - 2 scrolls of identify
 L - a scroll of enchant weapon
 M - a scroll of vulnerability {unknown}
Potions
 e - 2 potions of lignification {unknown}
 f - 4 potions of attraction {unknown}
 h - a potion of invisibility {unknown}
 i - 8 potions of curing
 p - a potion of degeneration {unknown}
 s - a potion of resistance {unknown}
 v - a potion of ambrosia
 A - 4 potions of heal wounds {unknown}
 C - a potion of magic {unknown}
 D - 2 potions of flight {unknown}
 H - 2 potions of haste {unknown}
 K - a potion of cancellation {unknown}


   Skills:
 + Level 10.5 Fighting
 + Level 10.5 Axes
 + Level 10.2 Armour
 - Level 2.1 Dodging
 * Level 11.1 Shields


You had 10 spell levels left.
You didn't know any spells.
Your spell library was empty.

Dungeon Overview and Level Annotations

Branches:
Dungeon (9/15)             Temple (0/1) D:5            Lair (0/6) D:9
    Orc: D:9-12

Altars:
Ashenzari
Hepliaklqana
Kikubaaqudgha
Makhleb
Nemelex Xobeh
Sif Muna
Wu Jian
Xom
The Shining One

Shops:
D:5 [   D:6 ?!?*(


Innate Abilities, Weirdness & Mutations

You have a pair of horns on your head.
You reflexively headbutt those who attack you in melee.


Message History

The seven-headed hydra bites you but does no damage.
The seven-headed hydra bites you. x2; The seven-headed hydra bites you!
* * * LOW HITPOINT WARNING * * *
The seven-headed hydra closely misses you.
The centaur zombie hits you but does no damage.
You block the centaur zombie's attack.
The death knight hits you from afar with a +0 halberd!!
* * * LOW HITPOINT WARNING * * *
You block the catoblepas's attack. You block the orc warrior's attack.
There is an open door, spattered with blood here.
Unknown command.
You feel a strong urge to attack something.
You are no longer berserk.
You are exhausted.
You feel yourself slow down. The centaur zombie barely misses you.
You furiously retaliate!
You headbutt the centaur zombie! You block the centaur zombie's attack.
The centaur zombie hits you but does no damage.
The centaur zombie kicks you but does no damage.
The death knight's dark mirror aura disappears.
The centaur zombie closely misses you. x2
You block the centaur zombie's attack. x2
You block the centaur zombie's attack. x2
You block the centaur zombie's attack. x2
You block the centaur zombie's attack.
The centaur zombie kicks you but does no damage.
Your skin crawls.
You feel strong-willed. The seven-headed hydra bites you!
* * * LOW HITPOINT WARNING * * *
The seven-headed hydra bites you but does no damage.
You block the seven-headed hydra's attack.
The seven-headed hydra barely misses you.
The seven-headed hydra closely misses you.
You block the seven-headed hydra's attack. x2
The seven-headed hydra bites you but does no damage.
The seven-headed hydra bites you!
* * * LOW HITPOINT WARNING * * *
The seven-headed hydra bites you!
You die... ###'#.# ##...#.# ######### .....#.# #........ ....)#.# #......≈. .⌠..Yp.# #.≈....≈. ....)#.# #....≈.≈≈ ...Dp#Z##########.≈≈≈.≈.≈ ##..9#.Z.D.o.YpD....≈≈≈≈≈ ###'###########@...≈≈≈≈≈≈≈≈≈≈≈≈ ZC#

##.≈≈≈≈.≈.≈.≈≈≈≈≈ ..#######
#..≈≈≈....≈≈≈≈≈≈ D.#.....##
#..≈≈.≈.>..≈≈≈≈≈
..)#......#####...≈≈.....≈≈≈≈≈
###.......#.....≈≈≈.≈..≈≈≈≈≈≈
#.........#.##..≈≈≈.≈..≈≈≈≈≈.
##...........##...≈≈≈≈...≈≈≈..
#..........####...≈≈≈≈†≈≈≈≈≈..


You could see a fire dragon, a death knight, a catoblepas, a seven-headed hydra
and an orc warrior.

Vanquished Creatures
  Harold (D:8)
  A centaur warrior (D:9)
  A troll (D:9)
  Sigmund (D:2)
  A shadow (D:9)
  A wyvern (shapeshifter) (D:9)
  2 wyverns
  A wraith (D:6)
  5 yaks (D:9)
  2 vampire mosquitoes (D:9)
  3 black bears
  2 orc warriors (D:7)
  3 sky beasts
  An ice beast (D:6)
  2 necrophages
  2 wolves (D:9)
  5 centaurs
  A phantom (D:6)
  2 bullfrogs
  2 gnoll sergeants
  A scorpion (D:4)
  A wyvern skeleton (D:7)
  20 killer bees
  3 wights (D:8)
  2 electric eels (D:9)
  5 howler monkeys
  A centaur zombie (D:7)
  7 hounds
  3 orc priests
  2 centaur skeletons
  2 jellies
  2 gnoll shamans
  4 iguanas
  4 orc wizards
  A scorpion zombie (D:5)
  A killer bee zombie (D:8)
  A hound skeleton (D:4)
  3 howler monkey zombies
  9 adders
  19 gnolls
  A shadow imp (D:5)
  2 white imps
  A worm (D:3)
  3 dart slugs
  51 orcs
  4 bats
  11 endoplasms
  4 giant cockroaches
  7 goblins
  6 hobgoblins
  15 jackals (D:4)
  3 quokkas
  7 ball pythons
  5 frilled lizards
  10 kobolds
  8 rats
  A butterfly (D:6)
269 creatures vanquished.

Vanquished Creatures (others)
  7 plants
7 creatures vanquished.

Grand Total: 276 creatures vanquished

Notes
Turn   | Place    | Note
-------+----------+-------------------------------------------
     0 | D:1      | browni3141 the Minotaur Berserker began the quest for the
                  | Orb.
     0 | D:1      | Reached XP level 1. HP: 19/19 MP: 0/0
    97 | D:1      | Reached XP level 2. HP: 27/27 MP: 1/1
   353 | D:1      | Reached XP level 3. HP: 24/33 MP: 2/2
   547 | D:1      | Found a faded altar of an unknown god.
  1025 | D:2      | Noticed Sigmund
  1034 | D:2      | Killed Sigmund
  1035 | D:2      | Reached skill level 5 in Fighting
  1035 | D:2      | Reached skill level 5 in Axes
  1035 | D:2      | Reached XP level 4. HP: 42/42 MP: 3/3
  1035 | D:2      | Reached XP level 5. HP: 48/48 MP: 4/4
  1211 | D:2      | Reached ** piety under Trog
  2228 | D:3      | Reached XP level 6. HP: 56/56 MP: 5/5
  2958 | D:4      | Reached skill level 5 in Armour
  3036 | D:4      | Reached *** piety under Trog
  3066 | D:4      | Noticed a sky beast
  3076 | D:4      | Killed a sky beast
  3217 | D:4      | Reached XP level 7. HP: 63/64 MP: 6/6
  3328 | D:4      | Found a sparkling altar of Nemelex Xobeh.
  3330 | D:4      | Found an ornate altar of the Wu Jian Council.
  3331 | D:4      | Found a broken altar of Ashenzari.
  3332 | D:4      | Found an ancient bone altar of Kikubaaqudgha.
  3340 | D:4      | Found a shimmering blue altar of Sif Muna.
  3456 | D:4      | Reached **** piety under Trog
  3918 | D:4      | Reached skill level 1 in Shields
  3944 | D:4      | Reached skill level 2 in Shields
  4439 | D:5      | Entered Level 5 of the Dungeon
  4547 | D:5      | Reached XP level 8. HP: 72/73 MP: 7/7
  4713 | D:5      | Found a staircase to the Ecumenical Temple.
  4993 | D:5      | Reached skill level 3 in Shields
  5193 | D:5      | Found Ykoucsiq's Antique Armour Shop.
  5224 | D:6      | Found Duebowk's Antique Weapon Shoppe.
  5230 | D:6      | Bought a broad axe for 88 gold pieces
  5443 | D:6      | Found Yruub's General Store.
  5449 | D:6      | Found Kotalor's Magic Scroll Emporium.
  5451 | D:6      | Bought a scroll of blinking for 90 gold pieces
  5451 | D:6      | Bought a scroll of identify for 24 gold pieces
  5460 | D:6      | Bought a scroll of fear for 49 gold pieces
  5652 | D:6      | Reached skill level 4 in Shields
  5733 | D:6      | Found Foavesam's Distillery.
  5754 | D:6      | Reached skill level 5 in Shields
  5759 | D:6      | Reached ***** piety under Trog
  5773 | D:6      | Found Wouj's Magic Scroll Shoppe.
  5795 | D:6      | Found a shimmering altar of Xom.
  6007 | D:6      | Bought a potion of curing for 33 gold pieces
  6076 | D:7      | Reached skill level 6 in Shields
  6076 | D:7      | Reached XP level 9. HP: 81/81 MP: 8/8
  6477 | D:7      | Reached skill level 7 in Shields
  7204 | D:8      | Found a hazy altar of Hepliaklqana.
  7271 | D:8      | Noticed Harold
  7280 | D:8      | Reached skill level 8 in Shields
  7285 | D:8      | Killed Harold
  7286 | D:8      | Reached XP level 10. HP: 91/91 MP: 9/9
  7332 | D:8      | Reached skill level 9 in Shields
  7551 | D:8      | Found a glowing golden altar of the Shining One.
  7973 | D:8      | Found a burning altar of Makhleb.
  7973 | D:8      | Noticed a green death
  8830 | D:9      | Reached skill level 10 in Fighting
  8830 | D:9      | Reached skill level 10 in Shields
  8833 | D:9      | Reached skill level 10 in Axes
  9029 | D:9      | Received a gift from Trog
  9042 | D:9      | Reached skill level 10 in Armour
  9048 | D:9      | Found a staircase to the Lair.
  9148 | D:9      | Noticed a centaur warrior
  9148 | D:9      | Noticed a death knight
  9152 | D:9      | Noticed a gargoyle
  9152 | D:9      | Noticed a catoblepas
  9153 | D:9      | Noticed a six-headed hydra
  9155 | D:9      | Killed a centaur warrior
  9156 | D:9      | Reached skill level 11 in Shields
  9156 | D:9      | Reached XP level 11. HP: 90/101 MP: 10/10
  9158 | D:9      | Noticed a fire dragon
  9173 | D:9      | Slain by a seven-headed hydra

Illustrated notes

Levels and vault maps discovered:
D:1:      minmay_arrival_four_houses, layout_basic,
          ebering_ecumenical_altar_mist
D:2:      layout_basic, lexackson_kobold_supper, uniq_sigmund
D:3:      layout_basic
D:4:      lemuel_castle_with_subvaults [lemuel_castle_interior_carwin_2],
          layout_cave_pools, mainiacjoe_overflow_alcove_3,
          nicolae_sif_muna_little_library, serial_glass, glass_columns_b,
          glass_columns_a, glass_columns_a, glass_columns_b, glass_columns_a,
          glass_columns_a, due_unseen_surprise, minmay_strange_pillars,
          item_on_display_a
D:5:      layout_basic, minmay_temple_entry_trees, serial_shops,
          nicolae_shop_trees, minmay_misc_feat_five
D:6:      layout_gridville, xom_butterflies, serial_shops, shop, shop,
          nicolae_shop_competitors_out_of_business, shop_fountains,
          shop_scrolls, st_stairs_12
D:7:      layout_basic, chequers_serial_rivers_marsh,
          minmay_misc_feat_nine_boxes
D:8:      nicolae_whirlpool, layout_loops_corners, makhleb_altar_promises_db,
          worldfamousw_hep_ancestral_shrine, nicolae_overflow_crystal_walls,
          uniq_harold
D:9:      layout_rooms, erik_lair_island, nicolae_rejected_hall

Skill      XL: |  1  2  3  4  5  6  7  8  9 10 |
---------------+-------------------------------+-----
Fighting       | 4 5 6 7 8 9 10 | 10.5
Axes           | 4 5 6 7 8 9 10 | 10.5
Armour         | 3 4 5 6 7 8 10 | 10.2
Shields        | 2 6 8 11 | 11.1
Dodging        | |  2.1

Action                   |  1- 3 |  4- 6 |  7- 9 | 10-12 || total
-------------------------+-------+-------+-------+-------++-------
Melee: Hand axe          |    53 |   116 |   123 |       ||   292
       Headbutt          |    11 |    17 |    48 |    12 ||    88
       Punch             |       |     2 |       |       ||     2
       Broad axe         |       |       |   116 |   116 ||   232
Invok: Berserk           |     1 |       |     5 |     2 ||     8
       Trog's Hand       |       |       |       |     1 ||     1
  Use: Scroll            |       |       |     6 |       ||     6
Armor: Animal skin       |     5 |       |       |       ||     5
       Chain mail        |    18 |    57 |   153 |    75 ||   303
Dodge: Dodged            |    30 |    44 |   102 |    55 ||   231
Block: Kite shield       |       |       |   111 |    97 ||   208
